 Dungeon Crawl Stone Soup version 0.29.1-12-g30fa7ad0bf (webtiles) character file.

Game seed: 10943171326471732422

6309 112233 the Reanimator (level 10, -1/79 HPs)
             Began as a Mummy Necromancer on Dec 22, 2022.
             Was an Initiate of Gozag.
             Slain by a wraith (8 damage)
             ... on level 9 of the Dungeon.
             The game lasted 00:15:39 (14333 turns).

112233 the Reanimator (Mummy Necromancer)          Turns: 14333, Time: 00:15:39

Health: -1/79      AC:  3    Str: 11    XL:     10   Next: 64%
Magic:  0/23       EV: 14    Int: 25    God:    Gozag
Gold:   86         SH:  0    Dex: 13    Spells: 14/27 levels left

rFire   . . .      SeeInvis .   c - +5 whip (pain)
rCold   + . .      Faith    .   (no shield)
rNeg    + + +      Spirit   +   a - +0 robe
rPois   ∞          Reflect  .   d - +0 helmet
rElec   .          Harm     .   b - scarf {+Inv}
rCorr   +          Rampage  .   (no gloves)
Will    +....                   (no boots)
Stlth   ++........              g - amulet of guardian spirit
HPRegen 0.23/turn               x - ring "Soamefak" {rF+ rCorr}
MPRegen 0.18/turn               j - +6 ring of intelligence

@: slowed, very slow
A: cold resistance 1, negative energy resistance 3, torment resistance 2, heat
vulnerability 1, in touch with death 1, no potions
a: Renounce Religion, Evoke Invisibility, Potion Petition, Call Merchant, Bribe
Branch


You were on level 9 of the Dungeon.
You worshipped Gozag.
Gozag was noncommittal.
You visited 2 branches of the dungeon, and saw 11 of its levels.

You collected 1396 gold pieces.
You paid 1310 gold pieces to Gozag.

Inventory:

Hand Weapons
 c - a +5 whip of pain (weapon)
 q - a +3 flail of freezing
Missiles
 o - 2 curare-tipped darts
 w - a throwing net (quivered)
Armour
 a - a +0 robe (worn)
 b - a scarf of invisibility (worn)
 d - a +0 helmet (worn)
 t - a +0 cloak
Jewellery
 g - an amulet of guardian spirit (around neck)
 j - a +6 ring of intelligence (right hand)
 m - a ring of protection from cold
 x - the ring "Soamefak" (left hand) {rF+ rCorr}
   (You took it off an orc on level 8 of the Dungeon)

   [ring of resist corrosion]

   rF:        It protects you from fire.
   rCorr:     It protects you from acid and corrosion.
 B - a ring of protection from cold
Wands
 k - a wand of digging (5)
 l - a wand of roots (3)
 p - a wand of flame (9)
 s - a wand of quicksilver (4)
 A - a wand of polymorph (7)
Scrolls
 e - 3 scrolls of identify
 h - a scroll of poison
 i - 2 scrolls of enchant weapon
 n - 2 scrolls of immolation
 r - a scroll of magic mapping
 v - a scroll of butterflies {unknown}
 y - a scroll of fear
 z - a scroll of enchant armour {unknown}
 C - a scroll of noise {unknown}


   Skills:
 + Level 7.4 Fighting
 + Level 5.4 Dodging
 - Level 1.6 Stealth
 + Level 9.3 Spellcasting
 * Level 11.3 Necromancy


You had 14 spell levels left.
You knew the following spells:

 Your Spells              Type           Power      Damage    Failure   Level
a - Necrotise             Necr           100%       1d9       1%          1
b - Vampiric Draining     Necr           80%        2d11      1%          3
c - Animate Dead          Necr           80%        N/A       1%          4
d - Agony                 Necr           80%        N/A       1%          5

Your spell library contained the following spells:

 Spells                   Type           Power      Damage    Failure   Level
 Magic Dart               Conj           44%        1d5       5%          1
 Searing Ray              Conj           22%        2d5       8%          2
 Confusing Touch          Hex            11%        N/A       16%         3
 Gell's Gravitas          Tloc           11%        N/A       16%         3
 Lesser Beckoning         Tloc           11%        N/A       16%         3
 Teleport Other           Tloc           11%        N/A       16%         3
 Fulminant Prism          Conj/Hex       5%         3d7       45%         4
 Yara's Violent Unravell  Hex/Tmut       5%         3d4       82%         5
 Enfeeble                 Hex            5%         N/A       100%        7


Dungeon Overview and Level Annotations

Branches:
Dungeon (10/15)            Temple (0/1) D:5            Lair (0/5) D:10
    Orc (1/2) D:9

Altars:
Dithmenos
Gozag
Hepliaklqana
Trog

Annotations:
D:3 2 runed translucent doors, Pargi; Peloso's ghost, weakling MiFi
D:4 exclusion: upstairs
D:5 exclusion: upstairs
D:6 exclusion: upstairs
D:7 exclusion: 2 downstairs
D:8 exclusion: downstairs


Innate Abilities, Weirdness & Mutations

You are immune to poison.
Your flesh is cold resistant. (rC+)
You are immune to negative energy. (rN+++)
You are immune to unholy pain and torment.
You are vulnerable to heat. (rF-)
You are in touch with the powers of death.
You do not drink.


Message History

The wraith drains your vigour!
You feel as though you will be slow longer.
As you read the scroll of teleportation, it crumbles to dust.
You feel strangely unstable. The wraith misses you.
Unknown command.
The wraith hits you.
* * * LOW HITPOINT WARNING * * *
Unknown command.
Your surroundings suddenly seem different.
You start resting.
A wraith is nearby!
A wraith is nearby!
A wraith is nearby!
Okay, then.
You need at least 400 gold to purchase potions right now!
Unknown command.
Aiming: Fastroot
Press: ? - help, Shift-Dir - straight line, f - you The roots erupt in riotous growth!
Unknown command.
Unknown command.
Okay, then.
As you read the scroll labelled GYVIPAENIE, it crumbles to dust.
It is a scroll of brand weapon.
Really abort (and waste the scroll)?
Your +3 flail of protection is covered with a thin layer of ice!
q - a +3 flail of freezing The wraith hits you!
* * * LOW HITPOINT WARNING * * *
Unknown command.
Okay, then.
Throw: 2 throwing nets
Press: ? - help, Q - select action, (/) - cycle Shift-Dir - straight line, f - wraith
Aim: a wraith (heavily damaged, 60% to hit, immune to nets)
You throw a throwing net. The throwing net hits the wraith.
The net passes right through the wraith!
The wraith is heavily damaged.
The wraith hits you!
You die...
Your body crumbles into a pile of gold.

### ##.### ##....##
#..@...# #...W#......
#...........
...............
#.....#........
#...#..........
#####.............
##.#................
##......#..#.........


You could see a wraith.

Vanquished Creatures
  A two-headed ogre (D:10)
  A komodo dragon (D:10)
  Psyche (D:8)
  Grinder (D:4)
  A wyvern (D:7)
  5 yaks (D:8)
  A steam dragon (D:8)
  Menkaure (D:7)
  Edmund (D:6)
  A water moccasin (D:7)
  An ice beast (D:6)
  2 black bears
  2 sky beasts (D:7)
  3 orc warriors
  4 centaurs
  5 ogres
  A phantom (D:5)
  2 bullfrogs
  A gnoll sergeant (D:7)
  3 scorpions
  3 wights
  4 killer bees (D:7)
  4 electric eels (D:6)
  3 howler monkeys
  2 hounds
  5 jellies
  3 gnoll boudas
  3 orc priests
  3 iguanas
  8 orc wizards
  Natasha (thrice) (D:3)
  7 adders
  18 gnolls
  2 ufetubi (D:5)
  A worm (D:3)
  4 dart slugs
  30 orcs
  8 ball pythons
  6 endoplasms
  4 giant cockroaches
  5 hobgoblins
  2 jackals (D:4)
  10 kobolds
  2 quokkas
  5 bats
  5 frilled lizards
  20 goblins
  5 rats
213 creatures vanquished.

Vanquished Creatures (collateral kills)
  Robin (D:3)
  2 goblins (D:3)
  2 jackals (D:4)
  A rat (D:1)
6 creatures vanquished.

Vanquished Creatures (others)
  An orc (D:8)
  15 plants
16 creatures vanquished.

Grand Total: 235 creatures vanquished

Notes
Turn   | Place    | Note
-------+----------+-------------------------------------------
     0 | D:1      | 112233 the Mummy Necromancer began the quest for the Orb.
     0 | D:1      | Reached XP level 1. HP: 13/13 MP: 4/4
   241 | D:1      | Reached XP level 2. HP: 16/20 MP: 1/5
   931 | D:1      | Reached skill level 1 in Fighting
  1313 | D:2      | Gained mutation: You are in touch with the powers of death.
                  | [Mummy growth]
  1313 | D:2      | Reached XP level 3. HP: 26/26 MP: 4/7
  1818 | D:2      | Found a faded altar of an unknown god.
  2528 | D:3      | Reached XP level 4. HP: 28/32 MP: 3/9
  2732 | D:3      | Noticed Robin
  2738 | D:3      | Reached skill level 5 in Necromancy
  2742 | D:3      | Killed Robin
  2928 | D:3      | Found a large runed translucent door.
  2928 | D:3      | Found a large runed translucent door.
  2930 | D:3      | Noticed Peloso's ghost (weakling MiFi)
  2957 | D:3      | Learned a level 3 spell: Vampiric Draining
  3065 | D:3      | Noticed an ogre
  3307 | D:4      | Reached XP level 5. HP: 38/38 MP: 4/11
  3446 | D:4      | Noticed Grinder
  3468 | D:4      | Paralysed by Grinder for 5 turns
  3604 | D:5      | Entered Level 5 of the Dungeon
  3604 | D:5      | Noticed an ogre
  3935 | D:3      | Noticed Natasha
  3942 | D:3      | Killed Natasha
  4058 | D:3      | Noticed Pargi
  4390 | D:3      | Noticed Natasha
  4395 | D:3      | Killed Natasha
  4396 | D:3      | Reached XP level 6. HP: 44/46 MP: 4/12
  4479 | D:3      | Reached skill level 6 in Necromancy
  4722 | D:4      | Paralysed by Grinder for 4 turns
  4733 | D:4      | Killed Grinder
  4734 | D:4      | Reached skill level 5 in Spellcasting
  4734 | D:4      | Reached XP level 7. HP: 29/52 MP: 4/14
  4872 | D:4      | Reached skill level 7 in Necromancy
  5179 | D:5      | HP: 2/53 [ogre/+0 giant club (18)]
  5184 | D:5      | HP: 2/54 [orc/+0 club (4)]
  5580 | D:6      | Learned a level 4 spell: Animate Dead
  5586 | D:6      | Learned a level 5 spell: Agony
  5727 | D:7      | Reached XP level 8. HP: 60/60 MP: 9/16
  6103 | D:7      | Reached skill level 8 in Necromancy
  6498 | D:6      | Found a hazy altar of Hepliaklqana.
  6501 | D:6      | Found a bloodstained altar of Trog.
  6505 | D:6      | Found an opulent altar of Gozag.
  6517 | D:6      | Noticed Edmund
  6536 | D:6      | Killed Edmund
  6547 | D:6      | Became a worshipper of Gozag Ym Sagoz the Greedy
  7082 | D:5      | Reached skill level 5 in Fighting
  7600 | D:5      | Found a staircase to the Ecumenical Temple.
  7967 | D:5      | Reached XP level 9. HP: 68/68 MP: 14/19
  7970 | D:5      | Reached skill level 9 in Necromancy
  8164 | D:3      | Noticed Natasha
  8168 | D:3      | Killed Natasha
  9316 | D:7      | Noticed Menkaure
  9336 | D:7      | Killed Menkaure
 10131 | D:7      | Reached skill level 10 in Necromancy
 10277 | D:8      | Noticed Psyche
 10744 | D:8      | Reached XP level 10. HP: 50/77 MP: 2/22
 10987 | D:8      | Killed Psyche
 11512 | D:7      | Reached skill level 5 in Dodging
 11571 | D:8      | You fall into a shaft and drop 2 floors!
 11571 | D:10     | Entered Level 10 of the Dungeon
 11689 | D:10     | Identified the +5 ring mail "Ymanem" {rPois}
 11791 | D:10     | Found a staircase to the Lair.
 11942 | D:10     | Noticed a two-headed ogre
 11949 | D:10     | Killed a two-headed ogre
 11950 | D:10     | Reached skill level 11 in Necromancy
 12665 | D:8      | Identified the ring "Soamefak" {rF+ rCorr}
 13857 | D:9      | Found a shadowy altar of Dithmenos.
 13882 | D:9      | Found a staircase to the Orcish Mines.
 14110 | Orc:1    | Entered Level 1 of the Orcish Mines
 14333 | D:9      | Slain by a wraith

Illustrated notes

Levels and vault maps discovered:
D:1:      lemuel_arrival_funnel, layout_loops_ring, minmay_misc_feat_rugged,
          chequers_big_river
D:2:      minmay_inner_zag, layout_loops_corners,
          hellmonk_ecumenical_altar_run_dry
D:3:      layout_rooms, ebering_ghost_disaster_area, minmay_ogre_servants,
          uniq_robin, uniq_pargi, uniq_natasha
D:4:      layout_rooms, uniq_grinder
D:5:      layout_rooms, temple_fountains, cheibrodos_sewer_entry_sluice,
          grunt_tough_drop
D:6:      layout_basic, grunt_temple_overflow_diamond, serial_bayou_lagoon_b,
          uniq_edmund
D:7:      layout_loops_ring, uniq_menkaure
D:8:      layout_rooms, uniq_psyche
D:9:      layout_cross, mainiacjoe_overflow_surrounded_room, david_orc_2,
          minivault_1
D:10:     layout_roguey [special_room_orc], david_lair_shrubbed, nrook_uturn,
          minmay_fractal_squares_gapless_5
Orc:1:    layout_caves, hellmonk_ghost_happy_afterlife, mines2_david,
          uniq_fannar

Skill      XL: |  1  2  3  4  5  6  7  8  9 10 |
---------------+-------------------------------+-----
Spellcasting   | 3 4 5 7 8 9 |  9.3
Fighting       | 1 2 3 4 5 6 7 |  7.4
Necromancy     | 5 6 7 8 10 11 | 11.3
Dodging        | 2 3 4 5 |  5.4
Stealth        | |  1.6

Action                   |  1- 3 |  4- 6 |  7- 9 | 10-12 || total
-------------------------+-------+-------+-------+-------++-------
Melee: Whip              |     5 |    43 |    82 |    55 ||   185
       Punch             |     1 |     2 |     2 |     1 ||     6
Throw: Throwing net      |       |       |       |     1 ||     1
 Cast: Necrotise         |    72 |    78 |   102 |    32 ||   284
       Vampiric Draining |       |    14 |    89 |    51 ||   154
       Animate Dead      |       |       |     1 |       ||     1
       Agony             |       |       |       |     2 ||     2
Invok: Potion Petition   |       |       |       |     2 ||     2
Evoke: Wand              |       |     1 |     6 |     3 ||    10
  Use: Scroll            |       |    15 |     3 |     3 ||    21
 Stab: Paralysed         |       |     7 |     5 |       ||    12
       Sleeping          |       |       |     1 |       ||     1
       Invisible         |       |       |       |     1 ||     1
Armor: Robe              |     2 |    21 |    26 |    13 ||    62
Dodge: Dodged            |     6 |    35 |   134 |   107 ||   282
